AoeStats
← HAASHIRAMA

Black Forest

509171650Analyzed
4v4 RM · 6d ago on Sep 25, 2026· 40m 4s· 8 players
Game mode
Random Map
Map size
Large (8 player)
Population
200
Speed
Normal
Resources
Standard
Victory
Conquest
Starting age
Dark Age
Ending age
Imperial Age
RankedLock teamsTeams togetherTeam positionsShared explorationLock speedFull tech treeHidden civsTurbo modeCheats
Victory
Defeat
🇲🇦 Turks · Morocco
1797
+8
🇨🇳 Magyars · China
1777
+9
🇨🇱 Teutons · Chile
1718
+11
🇸🇻 Italians · El Salvador
1652
+15
🇮🇳 Mongols · India
1642
-12
🇮🇳 Persians · India
1622
-11
🇺🇸 Spanish · United States
1604
-10
🇮🇳 Bohemians · India
1585
-10
RohanAoE
10:43 Feudal Age
15:11 Castle Age
14:13 Double-Bit Axe
14:32 Horse Collar
16:57 Heavy Plow
17:10 Bow Saw
21:46 Wheelbarrow
23:11 Hand Cart
28:23 Imperial Age
25:59 Loom
26:39 Ballistics
27:36 Gold Mining
27:37 Stone Mining
27:38 Fletching
27:49 Padded Archer Armor
27:44 Treadmill Crane
30:04 Chemistry
29:10 Bodkin Arrow
29:20 Elite Genoese Crossbowman
30:56 Conscription
32:14 Bracer
33:37 Stone Shaft Mining
34:47 Leather Archer Armor
34:39 Thumb Ring
35:44 Silk Road
39:42 Scale Mail Armor
39:53 Forging
40:11 Squires
39:57 Arson
胖子事情多
2:23 Loom
9:55 Feudal Age
13:49 Double-Bit Axe
14:12 Horse Collar
19:56 Castle Age
20:24 Fletching
21:35 Bodkin Arrow
25:33 Padded Archer Armor
26:13 Wheelbarrow
27:34 Bow Saw
28:11 Hand Cart
29:50 Heavy Plow
30:18 Town Watch
37:12 Imperial Age
35:05 Scale Barding Armor
35:53 Gold Mining
36:56 Thumb Ring
38:01 Ballistics
37:22 Treadmill Crane
37:21 Heavy Cavalry Archer
38:10 Bracer
38:27 Leather Archer Armor
39:41 Chemistry
38:50 Recurve Bow
39:10 Conscription
38:56 Husbandry
39:06 Bloodlines
39:52 Parthian Tactics
HR pikoLein
10:07 Feudal Age
11:30 Loom
14:37 Castle Age
12:59 Double-Bit Axe
13:26 Horse Collar
15:38 Bow Saw
22:19 Wheelbarrow
24:12 Hand Cart
26:26 Scale Mail Armor
26:36 Forging
26:17 Gold Mining
29:12 Imperial Age
27:29 Fortified Wall
27:42 Masonry
27:45 Fortified Wall
28:08 Pikeman
28:49 Squires
29:06 Chain Mail Armor
29:25 Stone Mining
29:16 Onager
31:01 Chemistry
30:35 Halberdier
31:40 Siege Engineers
33:36 Plate Mail Armor
33:42 Iron Casting
33:28 Conscription
33:49 Siege Onager
36:26 Caravan
37:39 Blast Furnace
36:26 Arson
KissBB
6:48 Loom
9:18 Feudal Age
9:58 Double-Bit Axe
12:24 Horse Collar
15:58 Forging
22:06 Castle Age
21:27 Gold Mining
21:28 Stone Mining
23:20 Bow Saw
27:02 Imperial Age
26:03 Gold Shaft Mining
27:06 Wheelbarrow
30:45 Padded Archer Armor
33:40 Scale Barding Armor
33:41 Heavy Camel Rider
34:31 Bloodlines
34:21 Husbandry
36:46 Hand Cart
36:27 Town Watch
38:08 Chain Barding Armor
38:24 Husbandry
39:00 Iron Casting
38:47 Caravan
40:00 Plate Barding Armor
shn_07
10:46 Feudal Age
11:48 Double-Bit Axe
14:20 Castle Age
13:31 Horse Collar
15:45 Bow Saw
22:37 Wheelbarrow
22:05 Heavy Plow
24:07 Hand Cart
24:30 Gold Mining
28:15 Imperial Age
26:06 Scale Barding Armor
25:52 Loom
26:20 Forging
26:11 Stone Mining
26:39 Caravan
27:19 Chain Barding Armor
27:53 Bloodlines
27:44 Husbandry
28:20 Cavalier
29:36 Plate Barding Armor
29:42 Paladin
32:01 Iron Casting
34:30 Guilds
35:23 Chemistry
34:15 Fletching
35:26 Blast Furnace
37:02 Fletching
38:10 Bombard Tower
37:48 Bodkin Arrow
39:43 Supremacy
39:08 Sappers
39:45 Bracer
A-V (JustOnePixeL)
6:09 Loom
9:10 Feudal Age
10:29 Double-Bit Axe
17:01 Town Watch
23:21 Castle Age
21:18 Horse Collar
23:29 Scale Mail Armor
24:17 Pikeman
30:51 Wheelbarrow
30:47 Bow Saw
38:59 Wheelbarrow
38:28 Heavy Plow
40:57 Chemistry
40:21 Ballistics
39:28 Elite Skirmisher
40:01 Fletching
40:31 Padded Archer Armor
HAASHIRAMA
10:42 Feudal Age
12:49 Loom
18:00 Castle Age
16:19 Double-Bit Axe
16:14 Horse Collar
20:32 Scale Barding Armor
21:34 Forging
24:05 Husbandry
26:02 Chain Barding Armor
29:12 Wheelbarrow
33:31 Hand Cart
34:30 Bloodlines
37:46 Imperial Age
35:18 Scale Mail Armor
35:53 Iron Casting
35:47 Pikeman
36:27 Squires
36:29 Scale Mail Armor
37:04 Iron Casting
37:33 Chain Mail Armor
38:22 Coinage
37:49 Halberdier
39:23 Bow Saw
39:58 Plate Mail Armor
wackadoodle
1:21 Loom
9:26 Feudal Age
17:45 Castle Age
15:46 Horse Collar
16:33 Double-Bit Axe
18:55 Bow Saw
18:46 Heavy Plow
22:09 Wheelbarrow
23:20 Town Watch
24:35 Hand Cart
30:43 Imperial Age
28:29 Fortified Wall
28:59 Gold Mining
29:00 Stone Mining
29:01 Fletching
29:12 Padded Archer Armor
29:33 Ballistics
29:25 Masonry
30:38 Coinage
30:20 Caravan
32:04 Banking
33:16 Gold Shaft Mining
33:17 Stone Shaft Mining
33:45 Chemistry
34:26 Onager
35:23 Siege Engineers
37:27 Drill
37:05 Bodkin Arrow
37:59 Conscription
38:23 Bracer
Connection lost

Rejoining the realm…

Still unreachable

The connection could not be restored.

Session expired

The server has moved on; the page needs a fresh start.